 Dungeon Crawl Stone Soup version 0.28-a0-1212-gc6b4282bc0 (webtiles) character file.

Game seed: 2653394874031311035

27 Htamos the Firebug (level 3, -11/28 HPs)
             Began as a Hill Orc Fire Elementalist on Dec 21, 2021.
             Killed from afar by an acid dragon (32 damage)
             ... with a splash of acid
             ... on level 6 of the Dungeon.
             The game lasted 00:03:24 (1923 turns).

Htamos the Firebug (Hill Orc Fire Elementalist)     Turns: 1923, Time: 00:03:24

Health: -11/28     AC: 10    Str: 12    XL:     3   Next: 10%
Magic:  5/5        EV:  2    Int: 15    God:
Gold:   74         SH:  0    Dex: 11    Spells: 4/5 levels left

rFire   . . .      SeeInvis .   c - +0 hand axe
rCold   . . .      Faith    .   (no shield)
rNeg    . . .      Spirit   .   i - +0 plate armour
rPois   .          Reflect  .   (no helmet)
rElec   .          Harm     .   h - scarf {repulsion}
rCorr   .          Rampage  .   (no gloves)
Will    .....                   (no boots)
Stlth   ..........              (no amulet)
HPRegen 0.09/turn               (no ring)
MPRegen 0.09/turn               (no ring)

@: repel missiles
A: no striking features
a: no special abilities


You were on level 6 of the Dungeon.
You visited 1 branch of the dungeon, and saw 4 of its levels.

You collected 74 gold pieces.

Inventory:

Hand Weapons
 c - a +0 hand axe (weapon)
Missiles
 e - 49 stones
Armour
 a - a +0 robe
 d - a +0 leather armour
 h - a scarf of repulsion (worn)
 i - a +0 plate armour (worn)
 j - a +0 ring mail
Magical Staves
 g - a staff of cold
Scrolls
 b - a scroll of identify {unknown}
 f - a scroll of enchant armour {unknown}
 k - a scroll of amnesia {unknown}


   Skills:
 + Level 1.0 Fighting
 + Level 1.0 Armour
 - Level 1.5 Dodging
 - Level 1.5 Stealth
 * Level 1.4 Unarmed Combat
 * Level 1.8 Spellcasting
 - Level 1.0 Conjurations
 + Level 3.5 Fire Magic


You had 4 spell levels left.
You knew the following spells:

 Your Spells              Type           Power      Damage    Failure   Level
a - Foxfire               Conj/Fire      32%        2x1d5     100%        1

Your spell library contained the following spells:

 Spells                   Type           Power      Damage    Failure   Level
 Scorch                   Fire           22%        2d6       100%        2
 Conjure Flame            Conj/Fire      8%         6-21      100%        3
 Inner Flame              Hex/Fire       6%         N/A       100%        3
 Flame Wave               Conj/Fire      8%         2d4       100%        4


Dungeon Overview and Level Annotations

Branches:
Dungeon (3/15)

Altars:
Gozag
Makhleb


Message History

The white imp hits you but does no damage.
You hit the white imp but do no damage.
The white imp is moderately wounded.
The white imp hits you but does no damage.
You hit the white imp but do no damage.
The white imp is moderately wounded.
The white imp hits you but does no damage.
You barely miss the white imp.
The white imp is moderately wounded.
The white imp hits you but does no damage. x2
Your plate armour prevents you from hitting the white imp.
The white imp is moderately wounded.
The white imp hits you but does no damage.
You hit the white imp.
The white imp is heavily wounded.
The white imp gestures at you. The puff of frost hits you!
* * * LOW HITPOINT WARNING * * *
You hit the white imp.
You kill the white imp!
Your Fighting skill increases to level 1!
Your Armour skill increases to level 1!
You have reached level 3!
Your experience leads to an increase in your attributes!
Increase (S)trength, (I)ntelligence, or (D)exterity?
You feel stronger. x2
You start resting.
A bullfrog comes into view.
Found a ring mail.
You see here a +0 ring mail.
j - a +0 ring mail You start resting.
A bullfrog is nearby!
Found 16 stones.
An acid dragon comes into view.
Found 7 gold pieces.
The acid dragon moves out of view.
The acid dragon spits acid at you. The splash of acid hits you!!
Ouch! That really hurt!
You die...

## . ... .. .... ...
.... ### .$..
....##.############D....
........................
..(.............@......#
.......############.....
.......# .##
.......######
............#
...#+######.#
##.#.....##.#
.........#.###.###
##.#...#..#F.......


You could see an acid dragon (catching breath).

Vanquished Creatures
  A white imp (D:6)
  A dart slug (D:2)
  3 ball pythons
  An endoplasm (D:1)
  A giant cockroach (D:1)
  A goblin (D:1)
  2 kobolds (D:1)
  5 bats (D:1)
  A frilled lizard (D:1)
  3 rats
19 creatures vanquished.

Vanquished Creatures (others)
  18 foxfires (D:1)
18 creatures vanquished.

Grand Total: 37 creatures vanquished

Notes
Turn   | Place    | Note
-------+----------+-------------------------------------------
     0 | D:1      | Htamos the Hill Orc Fire Elementalist began the quest for
                  | the Orb.
     0 | D:1      | Reached XP level 1. HP: 14/14 MP: 3/3
   360 | D:1      | Reached XP level 2. HP: 22/22 MP: 1/4
   444 | D:1      | Reached skill level 1 in Unarmed Combat
  1699 | D:3      | You fall into a shaft and drop 3 floors!
  1711 | D:6      | Found a burning altar of Makhleb.
  1711 | D:6      | Found an opulent altar of Gozag.
  1729 | D:6      | Reached skill level 1 in Fighting
  1729 | D:6      | Reached skill level 1 in Armour
  1729 | D:6      | Reached XP level 3. HP: 3/28 MP: 5/5
  1842 | D:6      | Noticed a bullfrog
  1921 | D:6      | Noticed an acid dragon
  1923 | D:6      | Killed from afar by an acid dragon

Illustrated notes

Levels and vault maps discovered:
D:1:      sevenhm_arrival_forest_fort_large_2, layout_loops_cross
D:2:      layout_basic, ebering_ecumenical_altar_ruins
D:3:      layout_loops_cross, pf_just_have_faith, roderic_batcave
D:6:      layout_basic, hangedman_ru_absence, grunt_temple_overflow_open,
          minmay_temple_entry_from_below_a, uniq_prince_ribbit1

Skill      XL: |  1  2 |
---------------+-------+-----
Unarmed Combat | 1 |  1.4
Fighting       | 1 |  1.0
Armour         | 1 |  1.0
Dodging        | |  1.5
Stealth        | |  1.5
Spellcasting   | |  1.8
Conjurations   | |  1.0
Fire Magic     | |  3.5

Action                   || total
-------------------------++-------
Melee: Hand axe          ||    70
 Cast: Foxfire           ||    11
  Use: Potion            ||     2
       Scroll            ||     1
Armor: Leather armour    ||     6
       Plate armour      ||    81
Dodge: Dodged            ||    13

Table legend: (Time is in decaauts)
 A = Elapsed time spent in this place.
 B = Non-inter-level travel time spent in this place.
 C = Inter-level travel time spent in this place.
 D = Time resting spent in this place.
 E = Time spent auto-exploring this place.
 F = Levels seen in this place.
 G = Mean time per level.
                   A        B        C        D        E       F      G
               +--------+--------+--------+--------+--------+-----+--------+
         Total |   1942 |   1902 |     40 |    438 |   1182 |   4 |  485.5 |
       Dungeon |   1942 |   1902 |     40 |    438 |   1182 |   4 |  485.5 |
               +--------+--------+--------+--------+--------+-----+--------+

Top non-repeatable levels by time:
     D:1: 1255 daAuts
     D:3: 382 daAuts
     D:6: 226 daAuts
     D:2: 77 daAuts
